 Dungeon Crawl Stone Soup version 0.19-a0-854-gc78d25d (webtiles) character file.

52853 Ijustatesigmund the Covert (level 14, -2/75 HPs)
             Began as a Vine Stalker Conjurer on June 30, 2016.
             Was the Champion of Dithmenos.
             Slain by a hill giant (illusionary)
             ... wielding a +0 giant club
              (9 damage)
             ... on level 13 of the Dungeon on July 1, 2016.
             The game lasted 01:32:15 (20959 turns).

Ijustatesigmund the Covert (Vine Stalker Conjurer) Turns: 20959, Time: 01:32:16

Health: -2/75      AC: 17    Str: 11    XL:     14   Next: 65%
Magic:  0/23       EV: 15    Int: 15    God:    Dithmenos [******]
Gold:   999        SH: 13    Dex: 20    Spells: 6 memorised, 11 levels left

rFire  . . .     SeeInvis .       - Unarmed
rCold  . . .     Gourm    .     N - +3 leather armour {rPois}
rNeg   . . .     Faith    .     a - +3 buckler
rPois  +         Spirit   +     w - +1 helmet
rElec  .         Dismiss  .     d - +1 cloak
rCorr  .         Reflect  +     n - +1 pair of gloves
SustAt .         Harm     .     P - +1 pair of boots
MR     ++...                    C - +4 amulet of reflection
Stlth  +++++++++.               U - ring of protection from magic
                                k - +2 ring of protection

@: wreathed by umbra, very resistant to hostile enchantments, incredibly
stealthy
A: fangs 3, regeneration 3, magic shield, antimagic bite, no device heal 3, rot
immunity
a: Shadow Step, Shadow Form, Renounce Religion


You were on level 13 of the Dungeon.
You worshipped Dithmenos.
Dithmenos was exalted by your worship.
You were hungry.

You visited 4 branches of the dungeon, and saw 20 of its levels.
You visited 1 bazaar.
You also visited: Ossuary.

You collected 1730 gold pieces.
You spent 731 gold pieces at shops.

Inventory:

Missiles
 g - 41 tomahawks
 q - 13 javelins (quivered)
Armour
 a - a +3 buckler (worn)
 d - a +1 cloak (worn)
 e - a +2 robe of fire resistance
 n - a +1 pair of gloves (worn)
 v - a +0 steam dragon armour
 w - a +1 helmet (worn)
 F - a troll hide
 N - a +3 leather armour of poison resistance (worn)
 P - a +1 pair of boots (worn)
Jewellery
 k - a +2 ring of protection (left hand)
 p - an uncursed amulet of magic regeneration
 B - an uncursed ring of sustain attributes
 C - a +4 amulet of reflection (around neck)
 D - an uncursed ring of ice
 H - an uncursed ring of poison resistance
 I - the ring of Hiocs {+Inv rF+ rC+ Dex-3}
   (You found it on level 1 of the Lair of Beasts)

   [ring of protection from cold]

   It affects your dexterity (-3).
   It protects you from fire.
   It protects you from cold.
   It lets you turn invisible.
 U - a ring of protection from magic (right hand)
Wands
 s - a wand of paralysis (8/24)
 x - a wand of slowing (20/48)
 y - a wand of lightning (9/15)
 A - a wand of digging (13/24)
 G - a wand of lightning (2/15)
 L - a wand of enslavement (19/24)
Scrolls
 h - 5 scrolls of identify
 i - 4 scrolls of enchant weapon
 j - 5 scrolls of amnesia
 l - 3 scrolls of remove curse
 o - a scroll of recharging
 r - 2 scrolls of fog
Potions
 b - a potion of might
 t - 10 potions of curing
 z - 5 potions of ambrosia
 E - 3 potions of lignification
 M - 2 potions of agility
 O - 2 potions of flight
 R - a potion of cure mutation {unknown}
Comestibles
 c - 8 bread rations
 f - 4 meat rations
 u - 5 chunks of flesh


   Skills:
 - Level 9.5 Fighting
 - Level 4.0 Armour
 - Level 5.0 Dodging
 - Level 12.0 Stealth
 - Level 5.6 Shields
 - Level 11.0 Unarmed Combat
 - Level 5.5 Spellcasting
 - Level 9.0 Conjurations
 + Level 7.4 Hexes
 - Level 5.7 Translocations
 + Level 8.0 Invocations


You had 11 spell levels left.
You knew the following spells:

 Your Spells              Type           Power        Failure   Level  Hunger
a - Magic Dart            Conj           ####         1%          1    None
b - Searing Ray           Conj           ####..       1%          2    #......
c - Dazzling Spray        Conj/Hex       ####..       1%          3    ###....
d - Blink                 Tloc           N/A          2%          2    #......
e - Apportation           Tloc           ###.......   1%          1    None
f - Iskenderun's Mystic   Conj           ####....     6%          4    ####...


Dungeon Overview and Level Annotations

Branches:
Dungeon (13/15)            Temple (1/1) D:4            Lair (4/6) D:10
  Swamp (0/4) Lair:2       Spider (0/4) Lair:4          Orc (2/2) D:12
    Elf (0/3) Orc:2
 Vaults: D:13-14

Altars:
Ashenzari
Cheibriados
Dithmenos
Elyvilon
Fedhas
Gozag
Hepliaklqana
Kikubaaqudgha
Makhleb
Nemelex Xobeh
Okawaru
Pakellas
Qazlal
Ru
Sif Muna
Trog
Uskayaw
Vehumet
Xom
Yredelemnul
Zin
The Shining One
Beogh

Shops:
D:7 *   D:8 [   Orc:2 (:[*

Annotations:
Lair:1 exclusion: oklob plant, Sar's ghost, journeyman NaWn
Lair:4 ThermosAquaticus's ghost, journeyman HEHu


Innate Abilities, Weirdness & Mutations

You have razor-sharp teeth.
You regenerate.
When hurt, damage is shared between your health and your magic reserves.
Your bite disrupts and absorbs the magic of your enemies.
Potions and wands cannot restore your health.
You are immune to rotting.


Message History

The rakshasa is lightly wounded.
The rakshasa hits you with a long sword!
You block the hill giant's attack.
You closely miss the rakshasa. Your bite misses the rakshasa.
The rakshasa is lightly wounded.
Your shadow hits the rakshasa but does no damage.
The rakshasa hits you with a long sword.
You hit the rakshasa. You bite the rakshasa.
The rakshasa's magic leaks into the air.
You drain its magic.
You feel invigorated.
The rakshasa is moderately wounded.
Your shadow hits the rakshasa but does no damage.
The hill giant hits you with a giant club!!!
* * * LOW HITPOINT WARNING * * *
You emit a cloud of dark smoke.
You don't have enough magic at the moment.
You block the rakshasa's attack. Magic courses through your body.
The hill giant hits you with a giant club!!
You die...

...##.......()....#...........##.
#####............###...........##
# #...........##.##...........# #
#...........##...##........... ##
...........##.....##.[....)... .#
.....#######.......#######.... ##
...#...................#.... ..
#.....#########.....#....
#....##.@R§§§.##....#....
#...##..#C§§#..##...#....
#..##...##C## ##.)#....
##.##.)..##§## ##.##...
##..#))...#§CC# #..## .
##...#.#####.†.# #...##
..##....#..##...)... #....##
.##.....'...#..}#}..# #.....#
..##....#..##... ...# #....##


You could see a rakshasa and 2 hill giants.

Vanquished Creatures
  Maud (Lair:4)
  An orc warlord (Orc:1)
  A rakshasa (D:13)
  2 hydras (D:11)
  A centaur warrior (D:13)
  3 death yaks
  Erolcha (D:12)
  Urug (Lair:3)
  4 orc high priests
  3 unseen horrors
  5 hill giants
  Pikel (D:4)
  4 orc knights
  6 orc sorcerers
  2 ugly things
  A griffon (D:13)
  A manticore (D:12)
  A black mamba (Lair:2)
  5 elephants (Lair:2)
  A gargoyle (D:13)
  4 spiny frogs
  A spiny frog (shapeshifter) (D:13)
  3 centaur skeletons (D:11)
  An efreet (D:11)
  A komodo dragon (Lair:1)
  9 trolls
  3 blink frogs (Lair:2)
  A meliai zombie (D:13)
  Sigmund (D:3)
  A shadow (D:13)
  50 yaks
  2 wraiths
  A wyvern (D:13)
  3 basilisks
  4 hippogriffs
  2 steam dragons
  3 hungry ghosts
  2 mottled dragons
  8 wargs
  2 hell hounds (D:10)
  7 water moccasins
  9 porcupines
  3 sky beasts
  An eye of draining (D:13)
  3 ice beasts
  A necrophage (D:9)
  A phantom (D:10)
  2 black bears
  30 orc warriors
  13 ogres
  4 wolves (D:10)
  3 centaurs
  5 crocodiles
  Blork the orc (D:4)
  5 big kobolds
  12 giant frogs
  A gnoll sergeant (D:8)
  A wyvern skeleton (D:13)
  A water moccasin skeleton (D:8)
  3 scorpions
  13 killer bees
  5 wights
  2 howler monkeys (D:9)
  5 electric eels
  6 crimson imps
  2 giant frog zombies
  A wasp zombie (D:9)
  6 centaur zombies
  A quasit (D:11)
  4 jellies
  The ghost of Zebura the Scratcher, a weakling FeTm (D:3)
  3 hounds
  Crazy Yiuf (D:6)
  21 orc priests
  35 orc wizards
  Ijyb (D:3)
  7 iguanas
  2 hell rats (Lair:2)
  8 worker ants
  14 sheep
  3 big kobold zombies (Ossuary)
  A hound zombie (D:5)
  A hound skeleton (D:5)
  2 mummies (Ossuary)
  20 gnolls
  11 adders
  28 river rats
  5 shadow imps
  12 white imps (Lair:1)
  An ooze (D:6)
  An adder skeleton (D:7)
  An adder zombie (Ossuary)
  6 worms
  A dart slug (D:1)
  5 giant geckos
  57 orcs
  A bat (D:3)
  4 giant cockroaches
  6 hobgoblins
  29 kobolds
  2 quokkas
  3 ball pythons
  A giant gecko zombie (D:5)
  4 giant newts
  8 goblins
  12 hobgoblin zombies (Ossuary)
  2 jackal zombies
  5 kobold zombies (Ossuary)
  10 orc zombies (Ossuary)
  A quokka skeleton (D:4)
  5 rats
  2 rat zombies (Ossuary)
641 creatures vanquished.

Vanquished Creatures (others)
  A killer bee (D:13)
  An orc (Orc:1)
  A giant gecko skeleton (D:4)
  2 kobolds (D:13)
  13 fungi
  2 plants
20 creatures vanquished.

Grand Total: 661 creatures vanquished

Notes
Turn   | Place    | Note
-------+----------+-------------------------------------------
     0 | D:1      | Ijustatesigmund the Vine Stalker Conjurer began the quest for the Orb.
     0 | D:1      | Reached XP level 1. HP: 9/9 MP: 4/4
   271 | D:1      | Reached skill level 1 in Unarmed Combat
   271 | D:1      | Reached XP level 2. HP: 14/14 MP: 0/6
   315 | D:1      | Reached skill level 1 in Fighting
   836 | D:1      | Learned a level 2 spell: Searing Ray
   902 | D:2      | Reached XP level 3. HP: 18/18 MP: 3/7
  1016 | D:2      | Found a faded altar of an unknown god.
  1247 | D:2      | Found a sacrificial altar of Ru.
  1366 | D:2      | Found a bloodstained altar of Trog.
  1367 | D:2      | Found an oddly glowing altar of Pakellas.
  1783 | D:3      | Found a deep blue altar of Sif Muna.
  1932 | D:3      | Reached XP level 4. HP: 22/23 MP: 8/8
  1978 | D:3      | Noticed Ijyb
  1987 | D:3      | Paralysed by Ijyb for 6 turns
  1997 | D:3      | Killed Ijyb
  2015 | D:3      | Noticed Zebura's ghost (weakling FeTm)
  2021 | D:3      | Killed Zebura's ghost
  2021 | D:3      | Reached XP level 5. HP: 28/28 MP: 3/9
  2081 | D:3      | You fall through a shaft for 3 floors!
  2132 | D:6      | Noticed a sky beast
  2216 | D:6      | Noticed an orc warrior
  2334 | D:5      | Entered Level 5 of the Dungeon
  2620 | D:4      | Gained mutation: You heal very quickly. [Vine Stalker growth]
  2620 | D:4      | Reached XP level 6. HP: 29/32 MP: 2/10
  2782 | D:4      | Found a sand-covered staircase.
  2787 | Ossuary  | Entered an ossuary
  3062 | Ossuary  | Reached XP level 7. HP: 23/38 MP: 11/11
  3446 | D:4      | Learned a level 3 spell: Dazzling Spray
  3614 | D:4      | Reached skill level 5 in Unarmed Combat
  3820 | D:3      | Noticed Sigmund
  3897 | D:3      | Killed Sigmund
  3897 | D:3      | Reached skill level 5 in Fighting
  3897 | D:3      | Reached skill level 1 in Hexes
  4177 | D:4      | Found a staircase to the Ecumenical Temple.
  4199 | Temple   | Entered the Ecumenical Temple
  4315 | Temple   | Became a worshipper of Dithmenos the Shadowed
  4390 | D:4      | Gained mutation: You have razor-sharp teeth. [Vine Stalker growth]
  4390 | D:4      | Reached XP level 8. HP: 44/44 MP: 6/12
  4431 | D:4      | Noticed Blork the orc
  4433 | D:4      | Noticed Pikel
  4448 | D:4      | Killed Pikel
  4453 | D:4      | Killed Blork the orc
  4840 | D:5      | Reached XP level 9. HP: 47/47 MP: 13/13
  5228 | D:6      | Found an ancient bone altar of Kikubaaqudgha.
  5229 | D:6      | Found a sparkling altar of Nemelex Xobeh.
  5253 | D:6      | Reached * piety under Dithmenos
  5261 | D:6      | Reached skill level 5 in Hexes
  5482 | D:6      | Found a sparkling altar of Nemelex Xobeh.
  5637 | D:6      | Found a runed door.
  5641 | D:6      | Noticed Crazy Yiuf
  5646 | D:6      | Killed Crazy Yiuf
  5657 | D:6      | Reached skill level 3 in Stealth
  5657 | D:6      | Reached skill level 1 in Invocations
  5817 | D:7      | Upgraded the game from 0.19-a0-831-gce7da8b to 0.19-a0-854-gc78d25d
  5932 | D:7      | Reached skill level 4 in Stealth
  6060 | D:7      | Reached skill level 5 in Stealth
  6369 | D:7      | Found Ziothal's General Store.
  6372 | D:7      | Bought a wand of digging (7/24) for 264 gold pieces
  6496 | D:8      | Reached skill level 6 in Stealth
  6504 | D:8      | HP: 2/47 [poisoned by an orc priest]
  6885 | D:8      | Reached XP level 10. HP: 29/51 MP: 12/14
  6975 | D:8      | Reached skill level 7 in Stealth
  7061 | D:8      | Reached skill level 5 in Invocations
  7202 | D:8      | Reached ** piety under Dithmenos
  7238 | D:8      | Found Vogoanu's Armour Shop.
  7419 | D:8      | Bought a +0 helmet for 58 gold pieces
  7516 | D:8      | Reached skill level 1 in Shields
  7562 | D:8      | Noticed a death yak
  7733 | D:8      | Killed a death yak
  7733 | D:8      | Reached skill level 5 in Shields
  8893 | D:9      | Reached XP level 11. HP: 44/56 MP: 12/15
  9039 | D:9      | Found an oddly glowing altar of Pakellas.
  9158 | D:10     | Entered Level 10 of the Dungeon
  9480 | D:10     | Reached *** piety under Dithmenos
  9550 | D:10     | Found a staircase to the Lair.
 10355 | D:11     | Found a flickering gateway to a bazaar.
 10402 | Bazaar   | Entered a bazaar
 10402 | Bazaar   | Found Sukew's Jewellery Boutique.
 10402 | Bazaar   | Found Tisk's Food Boutique.
 10402 | Bazaar   | Found Yzxi's Antique Weapon Shop.
 10402 | Bazaar   | Found Viroz's Weapon Shop.
 10402 | Bazaar   | Found Xushryvu's Armour Boutique.
 10415 | Bazaar   | Bought a +2 ring of protection for 100 gold pieces
 10426 | D:11     | Noticed a green ugly thing
 10445 | D:11     | Killed a green ugly thing
 10895 | D:11     | Killed an unseen horror
 10953 | D:11     | Killed an unseen horror
 11014 | D:11     | Noticed a five-headed hydra
 11017 | D:11     | Reached skill level 10 in Unarmed Combat
 11180 | Lair:1   | Entered Level 1 of the Lair of Beasts
 11202 | Lair:1   | Reached **** piety under Dithmenos
 11374 | D:10     | Gained mutation: You regenerate. [Vine Stalker growth]
 11374 | D:10     | Reached XP level 12. HP: 38/65 MP: 15/18
 11514 | Lair:1   | Noticed Sar's ghost (journeyman NaWn)
 11660 | Lair:1   | Reached skill level 8 in Stealth
 11832 | Lair:1   | Found a blossoming altar of Fedhas.
 11907 | Lair:1   | Reached skill level 9 in Stealth
 11940 | Lair:1   | Found a frozen archway.
 12077 | Lair:1   | Got a smoking iron ring
 12078 | Lair:1   | Identified the ring of Hiocs {+Inv rF+ rC+ Dex-3} (You found it on level 1 of the Lair of Beasts)
 12273 | Lair:2   | Reached ***** piety under Dithmenos
 12464 | Lair:2   | Reached skill level 10 in Stealth
 12504 | Lair:2   | Reached skill level 11 in Stealth
 12716 | Lair:2   | Learned a level 2 spell: Blink
 12718 | Lair:2   | Learned a level 1 spell: Apportation
 12723 | Lair:2   | Learned a level 4 spell: Iskenderun's Mystic Blast
 13050 | Lair:2   | Found a staircase to the Swamp.
 13226 | Lair:3   | Reached skill level 5 in Conjurations
 13507 | Lair:3   | Noticed Urug
 13546 | Lair:3   | Killed Urug
 13546 | Lair:3   | Reached skill level 1 in Armour
 14091 | Lair:4   | Noticed a death yak
 14093 | Lair:4   | Noticed a death yak
 14093 | Lair:4   | Noticed a death yak
 14093 | Lair:4   | Noticed a death yak
 14093 | Lair:4   | Noticed a death yak
 14093 | Lair:4   | Noticed a death yak
 14135 | Lair:3   | Killed a death yak
 14135 | Lair:3   | Reached skill level 1 in Translocations
 14135 | Lair:3   | Reached XP level 13. HP: 34/70 MP: 20/20
 14197 | Lair:4   | Noticed Maud
 14199 | Lair:4   | Found a hole to the Spider Nest.
 14230 | Lair:4   | Killed Maud
 14806 | Lair:4   | Noticed ThermosAquaticus's ghost (journeyman HEHu)
 14880 | Lair:2   | Reached skill level 5 in Spellcasting
 15906 | D:12     | Noticed Erolcha
 15940 | D:12     | Killed Erolcha
 16766 | D:12     | Found a staircase to the Orcish Mines.
 16823 | Orc:1    | Entered Level 1 of the Orcish Mines
 17058 | Orc:1    | Found a roughly hewn altar of Beogh.
 17883 | Orc:2    | Entered Level 2 of the Orcish Mines
 17959 | Orc:2    | Found Dudarroh's Antique Armour Shoppe.
 18016 | Orc:2    | Bought a spiked scale mail for 261 gold pieces
 18051 | Orc:2    | Identified the cursed +0 scale mail of Dajar {MR+ rCorr Int-2} (You bought it in a shop on level 2 of the Orcish Mines)
 18101 | Orc:2    | Noticed an orc warlord
 18150 | Orc:2    | Reached XP level 14. HP: 55/75 MP: 20/23
 18194 | Orc:2    | Reached ****** piety under Dithmenos
 18229 | Orc:1    | Killed an orc warlord
 18229 | Orc:1    | Reached skill level 5 in Translocations
 18699 | Orc:2    | Found Worchifuq's General Store.
 19180 | Orc:2    | Found a staircase to the Elven Halls.
 19239 | Orc:2    | Bought a scroll of teleportation for 48 gold pieces
 19296 | Orc:2    | Found a roughly hewn altar of Beogh.
 19313 | Orc:2    | Reached skill level 12 in Stealth
 19379 | Orc:2    | Found Qurudaus's Antique Weapon Shop.
 19388 | Orc:2    | Reached skill level 5 in Dodging
 19866 | Orc:2    | Found Gockela's Book Shop.
 20959 | D:13     | Slain by a hill giant (illusionary)

Vault maps used:
D:1:      sevenhm_arrival_forest_fort_small_3
D:2:      nicolae_ru_awakened_eye, gammafunk_temple_overflow_statue,
          ecumenical_altar_1, minmay_cut_off
D:3:      lemuel_crystal_altar, uniq_sigmund, uniq_iyjb
D:4:      nicolae_ossuary_entry_false_entrances, uniq_blork_the_orc, uniq_pikel
D:5:      kennysheep_steamy, first_bread
D:6:      gammafunk_temple_overflow_wave, minmay_misc_feat_rows,
          nemelex_dance_club_becter, uniq_crazy_yiuf_cottage
D:7:      serial_shops, nicolae_shop_behind_doors
D:8:      argonaut_augean_stables, serial_shops, shop
D:9:      basic_altar
D:10:     minmay_lair_entry_lava
D:11:     serial_shops, bzr_entry_gold
D:12:     erik_orc_2, uniq_erolcha
D:13:     minmay_concentric_multi, grunt_vaults_entry_tiered
Temple:   lightli_temple_of_artemis
Lair:1:   portal_ice_cave_entry_imps, tgw_fedhas, grunt_megastairs_1
Lair:2:   kennysheep_rathole, minmay_swamp_entry_eels, minmay_holes
Lair:3:   eino_small_chamber_without_monster, grunt_forest_stairs_basic,
          uniq_urug
Lair:4:   dummy_spider_entry, uniq_maud
Orc:1:    minmay_orc_temple_c
Orc:2:    grunt_orc_gardens, grunt_orc_garden, grunt_orc_garden,
          grunt_orc_garden, grunt_orc_garden, basic_altar, nooodl_orcs_dogs
Bazaar:   bazaar_minmay_generic_box
Ossuary:  ossuary_tomb_1

Skill      XL: |  1  2  3  4  5  6  7  8  9 10 11 12 13 14 |
---------------+-------------------------------------------+-----
Unarmed Combat | 1 2 3 4 5 6 7 8 10 11 | 11.0
Fighting       | 1 2 3 4 5 6 8 9 |  9.5
Hexes          | 2 4 5 7 |  7.4
Dodging        | 3 4 5 |  5.0
Stealth        | 6 7 11 12 | 12.0
Invocations    | 4 5 6 7 8 |  8.0
Shields        | 5 |  5.6
Spellcasting   | 4 5 |  5.5
Conjurations   | 6 9 |  9.0
Armour         | 1 3 4 |  4.0
Translocations | 1 4 5 |  5.7

Action                   |  1- 3 |  4- 6 |  7- 9 | 10-12 | 13-15 || total
-------------------------+-------+-------+-------+-------+-------++-------
Melee: Unarmed           |    55 |    77 |   365 |  1290 |  1374 ||  3161
       Punch             |     2 |     1 |    11 |     1 |       ||    15
       Bite              |    11 |    24 |   115 |   450 |   488 ||  1088
Throw: Javelin           |       |     1 |     3 |     6 |     4 ||    14
 Cast: Magic Dart        |    65 |    62 |    68 |       |    12 ||   207
       Searing Ray       |     3 |    16 |     7 |       |     3 ||    29
       Iskenderun's Myst |       |       |       |       |    16 ||    16
       Dazzling Spray    |       |       |       |       |    28 ||    28
       Blink             |       |       |       |       |     3 ||     3
       Apportation       |       |       |       |       |     1 ||     1
Invok: Shadow Step       |       |       |       |       |     3 ||     3
Evoke: Wand              |       |       |       |     1 |     2 ||     3
  Use: Scroll            |     7 |     6 |    14 |    12 |    12 ||    51
       Potion            |       |     1 |     5 |     5 |     3 ||    14
 Stab: Sleeping          |     1 |     1 |     7 |    34 |    35 ||    78
       Distracted        |       |       |     2 |     5 |     8 ||    15
       Invisible         |       |       |       |     2 |    10 ||    12
  Eat: Chunk             |     4 |     4 |    10 |    16 |     6 ||    40
       Pizza             |       |     2 |       |     1 |     2 ||     5
       Beef jerky        |       |       |     1 |     3 |       ||     4
       Fruit             |       |       |     1 |     4 |     6 ||    11
       Meat ration       |       |       |     1 |       |       ||     1
       Bread ration      |       |       |       |     1 |     4 ||     5
Armor: Robe              |     8 |    33 |    89 |    29 |       ||   159
       Steam dragon armo |       |       |       |   227 |       ||   227
       Leather armour    |       |       |       |       |   295 ||   295
Dodge: Dodged            |    23 |    61 |   289 |   749 |   664 ||  1786
Block: Buckler           |       |       |       |   455 |   781 ||  1236
       Reflection        |       |       |       |       |    12 ||    12
